 Dungeon Crawl Stone Soup version 0.30-a0-728-gc68057be0a (webtiles) character file.

Game seed: 10522199776340737689

9051 CaliBri the Fighter (level 11, -3/136 HPs)
             Began as a Meteoran Wanderer on Jan 30, 2023.
             Was a High Priest of Hepliaklqana.
             Slain by a death yak (11 damage)
             ... led by a torpor snail
             ... on level 1 of the Lair of Beasts.
             The game lasted 00:37:09 (5352 turns).

CaliBri the Fighter (Meteoran Wanderer)             Turns: 5352, Time: 00:37:10

Health: -3/136     AC: 29    Str: 17    XL:     11   Next: 99%
Magic:  16/16      EV:  2    Int: 11    God:    Hepliaklqana [*****.]
Gold:   358        SH:  0    Dex: 18    Spells: 16/16 levels left

rFire   . . .      SeeInvis .    I - +1 quarterstaff (spect)
rCold   . . .      Faith    .    (shield currently unavailable)
rNeg    . . .      Spirit   .    (body armour currently unavailable)
rPois   +          Reflect  .    (helmet currently unavailable)
rElec   .          Harm     .    (cloak currently unavailable)
rCorr   .          Rampage  .    (gloves currently unavailable)
Will    +....      NoTele   +    (boots currently unavailable)
Stlth   +                        (no amulet)
HPRegen 0.42/turn                w - +5 ring of evasion
MPRegen 0.15/turn                D - +4 ring of protection

@: tree-form, glowing
A: stationary, stasis, torment immunity, boosted hp, reduced essence, sense
surroundings 2, otherworldly, glowing, explore regen
a: Renounce Religion, Recall Ancestor, Ancestor Identity, Transference, Idealise


You were on level 1 of the Lair of Beasts.
You worshipped Hepliaklqana.
Hepliaklqana was extremely pleased with you.
You were a tree.
You visited 3 branches of the dungeon, and saw 11 of its levels.

You collected 358 gold pieces.

Inventory:

Hand Weapons
 a - a +3 quarterstaff
 g - a +3 flail of holy wrath
 I - a +1 spectral quarterstaff (weapon)
Missiles
 u - a throwing net (quivered)
Armour
 f - a +1 plate armour (melded)
 h - a +2 pair of boots (melded)
 n - +0 steam dragon scales
 v - a +0 chain mail
 x - a +2 cloak (melded)
 A - a +2 buckler
 F - a scarf of resistance
 J - a +0 kite shield
Magical Staves
 k - a staff of death
Jewellery
 o - a ring of resist corrosion
 t - a ring of ice
 w - a +5 ring of evasion (left branch)
 y - a +5 ring of evasion
 D - a +4 ring of protection (right branch)
 K - the ring "Banuex" {Wiz rPois Int+6 SInv Stlth-}
   (You found it on level 9 of the Dungeon)

   [ring of wizardry]

   It improves your spell success rate.
   Int:       It affects your intelligence (+6).
   rPois:     It protects you from poison.
   SInv:      It lets you see invisible.
   Stlth:     It makes you less stealthy.
 L - a ring of protection from cold
Wands
 m - a wand of acid (11)
 s - a wand of flame (55)
 C - a wand of roots (11)
 E - a wand of charming (4)
Scrolls
 b - a scroll of silence
 c - 2 scrolls of fog
 d - a scroll of identify
 p - a scroll of poison
 q - a scroll of enchant weapon {unknown}
 B - a scroll of fear
 G - a scroll of magic mapping {unknown}
 M - a scroll of enchant armour
Potions
 i - a potion of magic
 j - a potion of brilliance {unknown}
 l - a potion of cancellation
 r - a potion of curing
 z - a potion of berserk rage
 H - a potion of degeneration {unknown}
 N - a potion of invisibility {unknown}
 O - a potion of ambrosia


   Skills:
 + Level 11.0 Fighting
 - Level 10.1(11.4) Maces & Flails
 * Level 7.5(9.6) Staves
 * Level 10.4 Armour
 - Level 6.4 Shields
 - Level 1.2 Unarmed Combat
 - Level 3.0 Spellcasting
 - Level 2.5 Necromancy
 - Level 2.7 Invocations
 - Level 3.0 Evocations


You had 16 spell levels left.
You didn't know any spells.
Your spell library contained the following spells:

 Spells                   Type           Power      Damage    Failure   Level
 Sting                    Tmut/Pois      4%         1d3       26%         1
 Summon Small Mammal      Summ           4%         N/A       26%         1
 Cigotuvi's Dreadful Rot  Necr/Pois/Air  6%         N/A       28%         2
 Blink                    Tloc           2%         N/A       36%         2
 Lesser Beckoning         Tloc           2%         N/A       36%         2
 Momentum Strike          Conj/Tloc      2%         3d8       36%         2
 Poisonous Vapours        Pois/Air       2%         N/A       36%         2
 Call Canine Familiar     Summ           1%         N/A       61%         3
 Mephitic Cloud           Conj/Pois/Air  1%         N/A       61%         3
 Ozocubu's Armour         Ice            1%         N/A       61%         3
 Summon Guardian Golem    Hex/Summ       1%         N/A       61%         3
 Leda's Liquefaction      Hex/Erth       0%         N/A       95%         4
 Olgreb's Toxic Radiance  Pois           1%         N/A       95%         4
 Lee's Rapid Deconstruct  Erth           0%         3d4*      100%        5
 Metabolic Englaciation   Hex/Ice        0%         N/A       100%        5
 Simulacrum               Ice/Necr       2%         N/A       100%        6
 Statue Form              Tmut/Erth      0%         N/A       100%        6


Dungeon Overview and Level Annotations

Branches:
Dungeon (9/15) Zot: 231    Temple (1/1) D:5 Zot: 478    Lair (1/5) D:9 Zot: 533
    Orc: D:9-12

Altars:
Ashenzari
Cheibriados
Dithmenos
Elyvilon
Fedhas
Hepliaklqana
Makhleb
Nemelex Xobeh
Okawaru
Qazlal
Ru
Sif Muna
Trog
Uskayaw
Vehumet
Wu Jian
Xom
Yredelemnul
Zin
The Shining One

Shops:
D:5 *


Innate Abilities, Weirdness & Mutations

You are a tree.
Your roots penetrate the ground, keeping you stationary.
You cannot be teleported.
You are immune to unholy pain and torment.
Your maximum health is greatly increased.
Your equipment is partially melded.
Your life essence is reduced to manifest your ancestor. (-10% HP)
You passively map the area around you.
You are easily found by Zot.
You glow in the dark.
You regain HP and MP as you explore.


Message History

The death yak is moderately wounded.
Your +1 spectral quarterstaff hits the death yak!
Being near the torpor snail leaves you feeling lethargic.
You hit the torpor snail but do no damage.
The torpor snail is moderately wounded.
Your +1 spectral quarterstaff hits the torpor snail!
You feel yourself speed up.
You hit the torpor snail.
The torpor snail is severely wounded.
Your +1 spectral quarterstaff hits the torpor snail!
The torpor snail barely misses your +1 spectral quarterstaff.
Being near the torpor snail leaves you feeling lethargic.
You catch the helpless torpor snail completely off-guard!
You sock the torpor snail!
You kill the torpor snail!
You feel yourself speed up.
You hit the death yak.
The death yak is heavily wounded.
Your +1 spectral quarterstaff barely misses the death yak.
The death yak gores your +1 spectral quarterstaff.
Your spectral weapon shares its damage with you!
* * * LOW HITPOINT WARNING * * *
You hit the death yak.
The death yak is heavily wounded.
Your +1 spectral quarterstaff hits the death yak!
The death yak closely misses your +1 spectral quarterstaff.
You catch the helpless death yak completely off-guard!
You hit the death yak.
The death yak is severely wounded.
Your +1 spectral quarterstaff hits the death yak!
The death yak gores your +1 spectral quarterstaff.
Your spectral weapon shares its damage with you!
* * * LOW HITPOINT WARNING * * *
You barely miss the death yak.
The death yak is almost dead.
Your +1 spectral quarterstaff hits the death yak.
You feel better. The death yak gores you.
* * * LOW HITPOINT WARNING * * *
The death yak gores you!
You die...

*,* * * ,, , ##.## * .......,*
### * .P##.#.##### ######.#####
...........## #§.........##
............####..........P##
...........#...YY...........#####
...........#.†##♣........R#R.$...
...........'.###..........#......
............## #..........#......
...........#####..........#......
...........# #.#..........##.....
...........# ##.†.........##.....
...........###.....~......#######
##..P########.~.<..~.~....# ...##
*#~~.~≈~~≈~.####


You could see 2 death yaks.

Vanquished Creatures
  Joseph (D:8)
  A torpor snail (Lair:1)
  2 komodo dragons
  12 yaks
  2 steam dragons
  3 ice beasts
  An ogre (D:4)
  A centaur (D:7)
  A phantom (D:6)
  2 kobold brigands
  A gnoll sergeant (D:9)
  A bullfrog (D:9)
  9 killer bees
  2 howler monkeys
  A bullfrog zombie (D:6)
  A jelly (D:7)
  2 orc priests (D:7)
  3 hounds
  3 iguanas
  Terence (D:3)
  An orc wizard (D:7)
  5 gnolls
  3 adders
  A howler monkey skeleton (D:6)
  A white imp (D:8)
  2 dart slugs
  6 orcs
  6 bats
  7 endoplasms
  A giant cockroach (D:2)
  3 goblins
  6 hobgoblins
  A quokka (D:4)
  2 training dummies (D:5)
  7 ball pythons
  A frilled lizard (D:1)
  11 kobolds
  4 rats
118 creatures vanquished.

Vanquished Creatures (collateral kills)
  A cane toad (Lair:1)
  A komodo dragon (D:9)
  A troll (D:5)
  A hornet (D:7)
  A wyvern (D:9)
  Sigmund (D:3)
  Eustachio (D:4)
  A basilisk (D:9)
  6 yaks
  Pargi (D:3)
  A sky beast (D:6)
  An orc warrior (D:9)
  2 ogres
  A centaur (D:6)
  2 phantoms
  2 bullfrogs
  A gnoll sergeant (D:7)
  A necrophage (D:4)
  A scorpion (D:6)
  3 killer bees
  2 electric eels (Lair:1)
  A hound (D:4)
  2 bullfrog zombies (D:6)
  A jelly (D:7)
  A centaur zombie (D:6)
  4 orc priests
  A gnoll bouda (D:4)
  An iguana (D:4)
  7 orc wizards
  11 gnolls
  8 adders
  14 orcs
  2 giant cockroaches
  4 goblins
  3 hobgoblins
  2 ball pythons (D:2)
  A bat (D:2)
  5 kobolds
  3 rats
103 creatures vanquished.

Vanquished Creatures (others)
  3 battlemagi
  5 fungi (D:5)
8 creatures vanquished.

Grand Total: 229 creatures vanquished

Notes
Turn   | Place    | Note
-------+----------+-------------------------------------------
     0 | D:1      | CaliBri the Meteoran Wanderer began the quest for the Orb.
     0 | D:1      | CaliBri set off with the following items: a +3
                  | quarterstaff, a scroll of silence, a scroll of fog, a +0
                  | leather armour.
     0 | D:1      | Reached XP level 1. HP: 19/19 MP: 2/2
   100 | D:1      | Found a faded altar of an unknown god.
   109 | D:1      | Reached XP level 2. HP: 16/26 MP: 4/4
   114 | D:1      | Prayed at the altar of an unknown god.
   114 | D:1      | Became a worshipper of Hepliaklqana the Forgotten
   114 | D:1      | Reached * piety under Hepliaklqana
   242 | D:1      | Reached skill level 5 in Staves
   298 | D:1      | Reached skill level 1 in Spellcasting
   298 | D:1      | Reached XP level 3. HP: 19/27 MP: 5/5
   498 | D:1      | Glimpsed the power of Zot.
   612 | D:2      | Reached ** piety under Hepliaklqana
   649 | D:2      | Remembered your ancestor Ascera as a battlemage
   665 | D:2      | Reached XP level 4. HP: 31/36 MP: 6/6
   785 | D:2      | Reached skill level 1 in Maces & Flails
   935 | D:2      | Reached XP level 5. HP: 41/41 MP: 8/8
  1125 | D:3      | Noticed Terence
  1130 | D:3      | Killed Terence
  1234 | D:3      | Noticed Pargi
  1240 | D:3      | Killed Pargi
  1241 | D:3      | Reached skill level 4 in Fighting
  1241 | D:3      | Reached skill level 1 in Necromancy
  1241 | D:3      | Reached skill level 1 in Evocations
  1241 | D:3      | Reached XP level 6. HP: 38/46 MP: 10/10
  1374 | D:3      | Found a faded altar of an unknown god.
  1374 | D:3      | Found a hide-covered altar of Uskayaw.
  1383 | D:3      | Found a snail-covered altar of Cheibriados.
  1389 | D:3      | Found a faded altar of an unknown god.
  1390 | D:3      | Found a bloodstained altar of Trog.
  1481 | D:3      | Reached *** piety under Hepliaklqana
  1674 | D:3      | Noticed Sigmund
  1681 | D:3      | Killed Sigmund
  1682 | D:3      | Reached XP level 7. HP: 48/54 MP: 11/11
  1690 | D:3      | Glimpsed the power of Zot.
  1741 | D:4      | Noticed Eustachio
  1751 | D:4      | Killed Eustachio
  1752 | D:4      | Reached skill level 5 in Maces & Flails
  1756 | D:4      | Reached XP level 8. HP: 31/60 MP: 12/12
  2097 | D:4      | Reached skill level 5 in Fighting
  2287 | D:4      | Glimpsed the power of Zot.
  2305 | D:5      | Entered Level 5 of the Dungeon
  2373 | D:5      | Noticed a troll
  2385 | D:5      | Killed a troll
  2386 | D:5      | Reached skill level 6 in Fighting
  2397 | D:5      | Found a radiant altar of Vehumet.
  2407 | D:5      | Reached skill level 5 in Armour
  2407 | D:5      | Gained mutation: You passively map the area around you.
                  | [Meteoran growth]
  2407 | D:5      | Reached XP level 9. HP: 32/70 MP: 14/14
  2479 | D:5      | Found Kula's Neck Hole.
  2536 | D:5      | Found a staircase to the Ecumenical Temple.
  2609 | D:5      | Found a shimmering altar of Xom.
  2609 | D:5      | Found a white marble altar of Elyvilon.
  2657 | D:5      | Found an iron altar of Okawaru.
  2677 | D:5      | Reached skill level 7 in Fighting
  2887 | D:5      | Glimpsed the power of Zot.
  2912 | Temple   | Entered the Ecumenical Temple
  3048 | D:6      | Reached **** piety under Hepliaklqana
  3220 | D:6      | Reached skill level 1 in Shields
  3245 | D:6      | Found a blossoming altar of Fedhas.
  3253 | D:6      | Reached skill level 8 in Fighting
  3392 | D:6      | Found a hazy altar of Hepliaklqana.
  3510 | D:7      | Reached XP level 10. HP: 74/79 MP: 15/15
  3821 | D:7      | Reached skill level 9 in Fighting
  3932 | D:8      | Noticed a manticore
  4057 | D:8      | Reached skill level 5 in Shields
  4168 | D:8      | Reached skill level 10 in Fighting
  4303 | D:8      | Reached XP level 11. HP: 81/89 MP: 16/16
  4424 | D:8      | Found a glowing silver altar of Zin.
  4578 | D:8      | Noticed Joseph
  4606 | D:8      | Killed Joseph
  4607 | D:8      | Reached skill level 10 in Maces & Flails
  4858 | D:9      | Identified the ring "Banuex" {Wiz rPois Int+6 SInv Stlth-}
  4942 | D:9      | Reached ***** piety under Hepliaklqana
  5227 | D:9      | Reached skill level 10 in Armour
  5265 | D:9      | Found a staircase to the Lair.
  5292 | Lair:1   | Entered Level 1 of the Lair of Beasts
  5326 | Lair:1   | Noticed a torpor snail
  5326 | Lair:1   | Noticed a death yak
  5326 | Lair:1   | Noticed a death yak
  5338 | Lair:1   | Reached skill level 11 in Fighting
  5342 | Lair:1   | HP: 3/136 [death yak[a torpor snail] (10)]
  5347 | Lair:1   | Killed a torpor snail
  5348 | Lair:1   | HP: 3/136 [death yak[a torpor snail] (2)]
  5352 | Lair:1   | Slain by a death yak

Illustrated notes

Levels and vault maps discovered:
D:1:      saegor_arrival_miasma, layout_basic, nicolae_ecumenical_snake_handling
D:2:      layout_basic, hangedman_glass_teeth
D:3:      layout_basic, mainiacjoe_overflow_alcove_1,
          chequers_temple_overflow_minitemple, skrybe_limestone_x,
          minmay_curled_crystal, chequers_jeans, uniq_terence, uniq_pargi,
          uniq_sigmund
D:4:      minmay_recursive_quarters, layout_basic, grunt_ministairs_8,
          uniq_eustachio, uniq_pikel
D:5:      dreamdust_elfheim, layout_loops_ring, nicolae_vehumet_altar_sigil,
          mainiacjoe_overflow_boulevard, mainiacjoe_overflow_divided_tiny,
          minmay_temple_entry_mini_moons, nicolae_shop_sticking_my_neck_out
D:6:      layout_gridville, lemuel_crystal_altar, nzn_hepliaklqana_mist_gate,
          serial_undead, serial_undead_b, serial_undead_c, serial_undead_a,
          serial_undead_b, serial_undead_e
D:7:      layout_cave_pools
D:8:      layout_gridville, mainiacjoe_overflow_alcove_4,
          dreamdust_princess_corridor, wad_dig_loot, uniq_joseph
D:9:      layout_loops_corners, erik_lair_dragon, minmay_misc_feat_alley,
          hangedman_abyss_or_decor_stabs
Temple:   hellmonk_temple_rainy
Lair:1:   layout_roguey, grunt_megastairs_5, serial_bayou_shore_a,
          infiniplex_staircase_pool

Skill      XL: |  1  2  3  4  5  6  7  8  9 10 11 |
---------------+----------------------------------+-----
Staves         | 5 7 |  7.5
Spellcasting   | 1 2 3 |  3.0
Invocations    | 2 |  2.7
Armour         | 2 3 5 6 7 10 | 10.4
Maces & Flails | 1 3 4 5 6 7 9 10 | 10.1
Fighting       | 4 6 8 10 11 | 11.0
Necromancy     | 1 2 |  2.5
Evocations     | 1 2 3 |  3.0
Shields        | 3 5 6 |  6.4
Unarmed Combat | |  1.2

Action                     |  1- 3 |  4- 6 |  7- 9 | 10-12 || total
---------------------------+-------+-------+-------+-------++-------
  Melee: Quarterstaff      |    29 |       |       |   112 ||   141
         Flail             |     8 |    38 |   110 |   166 ||   322
 Invoke: Ancestor Life: Ba |     1 |       |       |       ||     1
         Ancestor Identity |     1 |       |       |       ||     1
    Use: Scroll            |       |     3 |     8 |     5 ||    16
         Potion            |       |       |       |     4 ||     4
   Stab: Distracted        |       |     1 |       |    10 ||    11
 Armour: Leather armour    |    11 |       |       |       ||    11
         Plate armour      |    13 |    43 |    15 |   169 ||   240
         Chain mail        |       |       |    53 |    21 ||    74
         Skin              |       |       |       |     3 ||     3
  Dodge: Dodged            |    13 |     6 |    36 |   140 ||   195
  Block: Buckler           |       |       |    13 |    78 ||    91

Table legend: (Time is in decaauts)
 A = Elapsed time spent in this place.
 B = Non-inter-level travel time spent in this place.
 C = Inter-level travel time spent in this place.
 D = Time resting spent in this place.
 E = Time spent auto-exploring this place.
 F = Levels seen in this place.
 G = Mean time per level.
                   A        B        C        D        E       F      G
               +--------+--------+--------+--------+--------+-----+--------+
         Total |   5355 |   5355 |      0 |    244 |   2484 |  11 |  486.8 |
       Dungeon |   5168 |   5168 |      0 |    144 |   2470 |   9 |  574.2 |
        Temple |    121 |    121 |      0 |    100 |      0 |   1 |  121.0 |
          Lair |     65 |     65 |      0 |      0 |     14 |   1 |   65.0 |
               +--------+--------+--------+--------+--------+-----+--------+

Top non-repeatable levels by time:
     D:8: 868 daAuts
     D:3: 637 daAuts
     D:5: 619 daAuts
     D:4: 604 daAuts
     D:9: 585 daAuts
     D:2: 569 daAuts
     D:1: 505 daAuts
     D:6: 398 daAuts
     D:7: 379 daAuts
  Temple: 121 daAuts
  Lair:1: 65 daAuts
